 Dungeon Crawl Stone Soup version 0.31-a0-441-g867994ef1c (webtiles) character file.

Game seed: 4883113040461953682

223 horus123 the Trooper (level 6, -2/46 HPs)
             Began as a Formicid Chaos Knight on Aug 3, 2023.
             Was a Plaything of Xom.
             Slain by Grinder (3 damage)
             ... on level 3 of the Dungeon.
             The game lasted 00:05:38 (1978 turns).

horus123 the Trooper (Formicid Chaos Knight)        Turns: 1978, Time: 00:05:39

Health: -2/46      AC:  8    Str: 19    XL:     6   Next: 20%
Magic:  9/9        EV: 11    Int: 11    God:    Xom [.....*]
Gold:   87         SH:  0    Dex: 13    Spells: 7/10 levels left

rFire   . . .        a - +0 spear (chaos)
rCold   . . .        (no shield)
rNeg    . . .        b - +2 leather armour
rPois   +            (helmet unavailable)
rElec   .            i - +1 cloak
rCorr   .            (no gloves)
SInv    +            (no boots)
Will    .....        (no amulet)
Stlth   +            j - ring of poison resistance
HPRegen 0.27/turn    (no ring)
MPRegen 0.11/turn

%: no passive effects
@: brilliant
A: permanent stasis, dig shafts and tunnels, antennae 3, four strong arms, frail
1, shaggy fur 1
a: Dig, Shaft Self, Renounce Religion


You were on level 3 of the Dungeon.
You worshipped Xom.
You were Xom's teddy bear.
You visited 1 branch of the dungeon, and saw 3 of its levels.

You collected 87 gold pieces.

Inventory:

Hand Weapons
 a - a +0 spear of chaos (weapon)
Missiles
 e - 5 javelins (quivered)
Armour
 b - a +2 leather armour (worn)
 i - a +1 cloak (worn)
Jewellery
 j - a ring of poison resistance (left hand)
Talismans
 n - a maw talisman
Scrolls
 c - a scroll of butterflies
 d - a scroll of immolation {unknown}
 f - 2 scrolls of poison {unknown}
 k - a scroll of vulnerability {unknown}
 l - a scroll of revelation {unknown}
Potions
 g - a potion of mutation {unknown}
 h - 4 potions of curing {unknown}
 m - 2 potions of might {unknown}


   Skills:
 - Level 6.1 Fighting
 - Level 3.2 Polearms
 - Level 2.1 Armour
 - Level 0.8 Dodging
 + Level 2.6 Spellcasting


You had 7 spell levels left.
You knew the following spells:

 Your Spells              Type           Power      Damage    Failure   Level
a - Teleport Other        Tloc           2%         N/A       69%         3

Your spell library contained the following spells:

 Spells                   Type           Power      Damage    Failure   Level
 Lesser Beckoning         Tloc           4%         N/A       45%         2
 Gell's Gravitas          Tloc           2%         N/A       69%         3


Dungeon Overview and Level Annotations

Branches:
Dungeon (3/15)

Altars:

Shops:
D:2 [

Annotations:
D:3 Grinder


Innate Abilities, Weirdness & Mutations

You cannot be hasted, slowed, berserked, paralysed or teleported.
You can dig through walls and to a lower floor.
You have a pair of large antennae on your head. (SInv)
Your four strong arms can wield two-handed weapons with a shield.
You are frail. (-10% HP)
You are covered in fur. (AC +1)


Message History

Grinder is heavily wounded.
Grinder hits you!
You hit Grinder. You burn Grinder.
Grinder is heavily wounded.
Grinder gestures at you.
Your stasis prevents you from being paralysed.
You completely miss Grinder.
Grinder is heavily wounded.
Grinder hits you.
You writhe in agony.
You hit Grinder but do no damage.
Grinder is heavily wounded.
Grinder hits you but does no damage.
You hit Grinder but do no damage.
Grinder is heavily wounded. "Here."
Something appears at your feet! Grinder gestures at you.
You resist with some effort.
You hit Grinder but do no damage. You punch Grinder, but do no damage.
Grinder is heavily wounded.
Grinder gestures at you.
Your stasis prevents you from being paralysed.
You hit Grinder but do no damage.
Grinder goes berserk!
Grinder is heavily wounded.
Grinder closely misses you.
You hit Grinder.
Grinder is heavily wounded.
Grinder stops glowing.
Grinder closely misses you. x2
You closely miss Grinder.
Grinder is heavily wounded.
Xom opens a gate.
Grinder hits you!
You writhe in agony.
You hit Grinder.
Grinder is heavily wounded.
Grinder hits you!
* * * LOW HITPOINT WARNING * * *
You writhe in agony.
* * * LOW HITPOINT WARNING * * *
Grinder hits you.
You die...

#......##########.##
####.....§§#### #..#
##.......##§§.§##
##.# .<.......##§#.§#
#.#
#........##....####..
#........#...§.......
#.§........##..####..
#.§5§§....###.§....).
#.§§@##...# #........
#..§§3....# #......†.
#..§§###..# #........
#....# #..# #........
##..## ##.# #........
#.. #.# #........ ...
##.# #####.... ....
.....##.....#. .....
.........#....


You could see Grinder (berserk, ally target) and a friendly smoke demon
(summoned).

Vanquished Creatures
  An ogre (D:2)
  4 adders (D:2)
  3 worms (D:2)
  2 dart slugs
  2 endoplasms
  2 giant cockroaches (D:1)
  7 goblins
  4 hobgoblins
  4 kobolds
  5 quokkas
  3 ball pythons
  2 bats
  A rat (D:2)
40 creatures vanquished.

Vanquished Creatures (collateral kills)
  2 orc wizards (D:2)
  An orc (D:2)
  A frilled lizard (D:2)
4 creatures vanquished.

Grand Total: 44 creatures vanquished

Notes
Turn   | Place    | Note
-------+----------+-------------------------------------------
     0 | D:1      | horus123 the Formicid Chaos Knight began the quest for the
                  | Orb.
     0 | D:1      | Reached XP level 1. HP: 18/18 MP: 1/1
   165 | D:1      | Reached XP level 2. HP: 23/25 MP: 2/2
   260 | D:1      | Reached skill level 4 in Fighting
   413 | D:1      | Reached XP level 3. HP: 29/30 MP: 3/3
   698 | D:1      | XOM: give mutations
   698 | D:1      | Gained mutation: You are frail. (-10% HP) [Xom's mischief]
   698 | D:1      | Gained mutation: You occasionally lose the ability to read
                  | scrolls when taking damage. [Xom's mischief]
   698 | D:1      | Lost mutation: You occasionally lose the ability to read
                  | scrolls when taking damage. [Xom's mischief]
   699 | D:1      | XOM: fog
   946 | D:1      | XOM: cloud trail
  1074 | D:2      | XOM: fake destruction
  1115 | D:2      | Found Qexedgh's Armour Emporium.
  1122 | D:2      | XOM: summons 3 friendly demons
  1126 | D:2      | XOM: butterfly on damage
  1133 | D:2      | Reached skill level 5 in Fighting
  1133 | D:2      | Reached XP level 4. HP: 26/35 MP: 4/4
  1133 | D:2      | XOM: noise
  1158 | D:2      | Reached XP level 5. HP: 11/41 MP: 5/5
  1449 | D:2      | Found a faded altar of an unknown god.
  1491 | D:2      | Reached skill level 6 in Fighting
  1768 | D:2      | Learned a level 3 spell: Teleport Other
  1787 | D:3      | XOM: give mutation
  1787 | D:3      | Gained mutation: You are covered in fur. (AC +1) [Xom's
                  | grace]
  1826 | D:3      | Noticed Grinder
  1830 | D:3      | Noticed an ogre
  1846 | D:3      | XOM: scenery: summon butterflies
  1855 | D:2      | XOM: confuse monster(s)
  1857 | D:2      | Killed an ogre
  1858 | D:2      | Reached XP level 6. HP: 23/46 MP: 5/9
  1944 | D:3      | XOM: fog
  1947 | D:3      | XOM: potion effect (brilliance)
  1963 | D:3      | XOM: fake destruction
  1968 | D:3      | XOM: fog
  1973 | D:3      | XOM: god gift: 6 stones
  1977 | D:3      | XOM: summons friendly smoke demon
  1978 | D:3      | HP: 1/46 [Grinder (6)]
  1978 | D:3      | Slain by Grinder

Illustrated notes

Levels and vault maps discovered:
D:1:      dpeg_arrival_morbid_curiosity, layout_basic,
          nicolae_concentric_dashed_squares_mild
D:2:      layout_basic, serial_rivers, chequers_serial_rivers_micro_c,
          chequers_serial_rivers_micro_d, chequers_serial_rivers_micro_a,
          chequers_serial_rivers_micro_e, chequers_serial_rivers_small_b,
          chequers_serial_rivers_micro_c, serial_shops,
          nicolae_shop_just_a_little_nook, shapermc_ecumenical_altar_mp_vishouse
D:3:      layout_rooms, ashenzari_conservatory_becter, grunt_ministairs_13,
          uniq_jessica, uniq_grinder

Skill      XL: |  1  2  3  4  5 |
---------------+----------------+-----
Fighting       | 4 5 6 |  6.1
Spellcasting   | 2 |  2.6
Polearms       | |  3.2
Armour         | |  2.1
Dodging        | |  0.8

Action                     |  1- 3 |  4- 6 || total
---------------------------+-------+-------++-------
  Melee: Spear             |    89 |    81 ||   170
         Punch             |       |     1 ||     1
   Stab: Sleeping          |     3 |       ||     3
         Paralysed         |     1 |       ||     1
 Armour: Leather armour    |    14 |    28 ||    42
  Dodge: Dodged            |    27 |    33 ||    60

Table legend: (Time is in decaauts)
 A = Elapsed time spent in this place.
 B = Non-inter-level travel time spent in this place.
 C = Inter-level travel time spent in this place.
 D = Time resting spent in this place.
 E = Time spent auto-exploring this place.
 F = Levels seen in this place.
 G = Mean time per level.
                   A        B        C        D        E       F      G
               +--------+--------+--------+--------+--------+-----+--------+
         Total |   1971 |   1917 |     54 |    128 |   1349 |   3 |  657.0 |
       Dungeon |   1971 |   1917 |     54 |    128 |   1349 |   3 |  657.0 |
               +--------+--------+--------+--------+--------+-----+--------+

Top non-repeatable levels by time:
     D:1: 1059 daAuts
     D:2: 797 daAuts
     D:3: 114 daAuts
